cohdb
Replays
Latest Replays
All Replays
Popular Replays
Top Player Replays
Match Explorer
How It Works
Community
CoH3 Stats
Reddit
Sign in to upload your games and track your stats! →
Sign in with Steam
Match 23223664
Unlisted
Match 23223664
Overview
Messages
Build Orders
End
Pioneer Squad
Construct Infanterie Kompanie
Grenadier Squad
MG 42 Machine Gun Team
Sniper
Construct Luftwaffe Kompanie
Support Elements
Grenadier Squad
Selects Breakthrough Battlegroup
Selects Assault Grenadiers
Selects Breakthrough
Medical Station
Construct Panzergrenadier Kompanie
Panzergrenadier Squad
StuG III G Assault Gun
Wirbelwind Flakpanzer
Pioneer Squad
GrW 34 Mortar Team
Selects Incendiary Bombing Run
Incendiary Bombing Run
Wirbelwind Flakpanzer
Construct Panzer Kompanie
Selects Rapid Production
Incendiary Bombing Run
Panzer IV Medium Tank
Selects Blitzkrieg
Marder III M Tank Destroyer
Incendiary Bombing Run
Nebelwerfer 42 Rocket Launcher Team
Panzer IV Medium Tank
Luftwaffe Officer Quarters
Sturmpanzer IV Brummbär
Breakthrough
Incendiary Bombing Run
Infanterie Officer Quarters
Panzergrenadier Officer Quarters
Grenadier Squad
Selects Tiger Heavy Tank
Incendiary Bombing Run
Breakthrough
Incendiary Bombing Run
Tiger Heavy Tank
Grenadier Squad
White Batman
Tsw-55
ErdbeerMilch
Imperator
gb_gbg
SneaKerz
abs59il
davidadush
0
0
Comments
sign in to comment!
No comments posted yet!